 Dungeon Crawl Stone Soup version 0.26.1-11-gd32895ea62 (webtiles) character file.

Game seed: 4889588163443855243

534 Ijustatesigmund the Cudgeller (level 7, -2/50 HPs)
             Began as an Octopode Fighter on July 15, 2021.
             Killed by an exploding an orc (11 damage)
             ... exploding inner flame
             ... on level 4 of the Dungeon.
             The game lasted 00:08:45 (3594 turns).

Ijustatesigmund the Cudgeller (Octopode Fighter)    Turns: 3594, Time: 00:08:46

Health: -2/50      AC:  1    Str: 15    XL:     7   Next: 25%
Magic:  0/7        EV: 12    Int: 10    God:
Gold:   152        SH: 10    Dex: 14    Spells: 6/6 levels left

rFire    + . .     SeeInvis .   a - +0 flail
rCold    + . .     Faith    .   b - +1 kite shield
rNeg     . . .     Spirit   +   (helmet restricted)
rPois    +         Reflect  .   j - amulet of guardian spirit
rElec    +         Harm     .   (no ring)
rCorr    +         Rampage  .   (no ring)
Will     .....                  (no ring)
Stlth    +++.......             (no ring)
HPRegen  0.16/turn              (no ring)
MPRegen  0.10/turn              (no ring)
                                (no ring)
                                (no ring)

@: mighty, resistant
A: almost no armour, stealthy swim, amphibious, 8 rings, constrict 8, antennae
1, camouflage 1, gelatinous body 1, evolution 1
a: no special abilities


You were on level 4 of the Dungeon.
You visited 1 branch of the dungeon, and saw 5 of its levels.

You collected 152 gold pieces.

Inventory:

Hand Weapons
 a - a +0 flail (weapon)
Armour
 b - a +1 kite shield (worn)
Jewellery
 j - an amulet of guardian spirit (around mantle)
Wands
 e - a wand of iceblast (8)
Scrolls
 g - a scroll of enchant armour
 h - a scroll of amnesia
 k - 4 scrolls of remove curse
 n - 3 scrolls of identify


   Skills:
 + Level 5.3 Fighting
 + Level 5.6 Maces & Flails
 + Level 3.3 Dodging
 - Level 2.0 Stealth
 + Level 3.3 Shields


You had 6 spell levels left.
You didn't know any spells.
Your spell library contained the following spells:

 Spells                   Type           Power        Failure   Level
 Animate Skeleton         Necr           0%           86%         1
 Apportation              Tloc           0%           86%         1
 Corona                   Hex            0%           86%         1
 Summon Small Mammal      Summ           0%           86%         1


Dungeon Overview and Level Annotations

Branches:
Dungeon (5/15)
 Temple: D:4-7

Altars:
Ashenzari
Qazlal
Xom


Innate Abilities, Weirdness & Mutations

You cannot wear most types of armour.
You are very stealthy in the water. (Stealth+)
You are amphibious.
You can wear up to eight rings at the same time.
You can use your tentacles to constrict eight enemies at once.
Your skin changes colour to match your surroundings (Stealth+).
Your rubbery body absorbs attacks. (AC +1, EV +1)
You have a pair of small antennae on your head.
You evolve.


Message History

The orc wizard casts a spell.
The orc wizard seems to speed up.
You block the phantom's attack.
You feel protected. The phantom closely misses you.
It was a potion of magic.
Magic courses through your body. The phantom closely misses you.
The orc wizard looks satisfied for a moment.
Items here: )) [ †.
The orc wizard miscasts a cantrip.
Found a stormy altar of Qazlal.
Found an escape hatch in the floor.
You see here 13 gold pieces.
The phantom blinks!
You aren't carrying any potions.
Okay, then.
You see here 13 gold pieces.
You sock the orc!
The orc explodes!
The fiery explosion engulfs the orc!!!
The fiery explosion engulfs you!! You resist.
You die...

##################
........ooo.o)§)§#
o#######..######@#
.#<.......#≈≈§≈'.#
.......W..#§._≈#W#
.########.#≈.>≈#.#
..... #≈≈§ #..
##### #### #.. .
.... #. .... #.#
###.#


You could see a phantom (inner flame), an orc wizard (fast, inner flame) and 2
orcs.

Vanquished Creatures
  Sigmund (D:3)
  2 orc priests (D:3)
  3 orc wizards (D:4)
  Crazy Yiuf (D:3)
  Ijyb (D:3)
  Robin (D:2)
  6 gnolls (D:3)
  2 adders
  3 oozes
  3 worms
  A dart slug (D:1)
  2 leopard geckos (D:2)
  8 orcs
  3 giant cockroaches (D:1)
  11 goblins
  11 hobgoblins
  2 jackals (D:1)
  6 kobolds
  A quokka (D:3)
  A ball python (D:2)
  11 bats
  5 frilled lizards
  6 rats
91 creatures vanquished.

Vanquished Creatures (others)
  5 dream sheep (D:3)
5 creatures vanquished.

Grand Total: 96 creatures vanquished

Notes
Turn   | Place    | Note
-------+----------+-------------------------------------------
     0 | D:1      | Ijustatesigmund the Octopode Fighter began the quest for
                  | the Orb.
     0 | D:1      | Reached XP level 1. HP: 16/16 MP: 1/1
   281 | D:1      | Reached XP level 2. HP: 21/21 MP: 2/2
   433 | D:1      | Reached XP level 3. HP: 11/26 MP: 3/3
  1584 | D:2      | Gained mutation: Your magical capacity is low. (-10% MP)
                  | [potion of mutation]
  1584 | D:2      | Gained mutation: You occasionally shout uncontrollably at
                  | your foes. [potion of mutation]
  1584 | D:2      | Gained mutation: You evolve. [potion of mutation]
  1585 | D:2      | Lost mutation: You evolve. [potion of mutation]
  1585 | D:2      | Lost mutation: Your magical capacity is low. (-10% MP)
                  | [potion of mutation]
  1585 | D:2      | Lost mutation: You occasionally shout uncontrollably at
                  | your foes. [potion of mutation]
  1585 | D:2      | Gained mutation: You evolve. [potion of mutation]
  1585 | D:2      | Gained mutation: You have a pair of small antennae on your
                  | head. [potion of mutation]
  1790 | D:2      | Reached XP level 4. HP: 32/32 MP: 4/4
  2052 | D:2      | Noticed Robin
  2061 | D:2      | Reached skill level 1 in Stealth
  2067 | D:2      | Killed Robin
  2339 | D:3      | Found a faded altar of an unknown god.
  2348 | D:3      | Reached XP level 5. HP: 32/37 MP: 5/5
  2462 | D:3      | Noticed Ijyb
  2740 | D:3      | Killed Ijyb
  2741 | D:3      | Reached XP level 6. HP: 39/44 MP: 6/6
  2781 | D:3      | Noticed Sigmund
  2784 | D:4      | Noticed a phantom
  2911 | D:3      | Killed Sigmund
  2912 | D:3      | Reached skill level 5 in Fighting
  2912 | D:3      | Reached skill level 5 in Maces & Flails
  2948 | D:3      | Found a broken altar of Ashenzari.
  3005 | D:3      | Noticed a dream sheep
  3005 | D:3      | Noticed a dream sheep
  3005 | D:3      | Noticed a dream sheep
  3005 | D:3      | Noticed a dream sheep
  3005 | D:3      | Noticed a dream sheep
  3005 | D:3      | Found a shimmering altar of Xom.
  3011 | D:3      | Killed a dream sheep
  3011 | D:3      | Killed a dream sheep
  3011 | D:3      | Killed a dream sheep
  3011 | D:3      | Killed a dream sheep
  3011 | D:3      | Killed a dream sheep
  3234 | D:3      | Found a runed translucent door.
  3235 | D:3      | Noticed Crazy Yiuf
  3244 | D:3      | Killed Crazy Yiuf
  3266 | D:3      | Reached XP level 7. HP: 31/50 MP: 3/7
  3546 | D:3      | You fall into a shaft and drop 2 floors!
  3546 | D:5      | Entered Level 5 of the Dungeon
  3591 | D:4      | Found a stormy altar of Qazlal.
  3594 | D:4      | Killed by an exploding an orc... exploding inner flame

Illustrated notes

Levels and vault maps discovered:
D:1:      tarquinn_simple_flora_water_c, layout_loops_corners, minmay_ruptured
D:2:      layout_rooms, uniq_robin
D:3:      layout_rooms, old_standard_altar, minitemple,
          chequers_ecumenical_altar_simple, kb_xom_exploding_sheep,
          uniq_sigmund, uniq_ijyb, uniq_crazy_yiuf_cottage
D:4:      minmay_clustersquares, layout_basic, general_overflow_altar,
          nicolae_dithmenos_shadow_blocks, minmay_temple_entry_butterflies,
          serial_shops, nicolae_shop_stone, chequers_serial_rivers_room_a,
          minivault_26, roderic_roman_lattice, grunt_ministairs_2, uniq_natasha
D:5:      layout_gridville, chequers_temple_overflow_statue_of_worship,
          uniq_grinder

Skill      XL: |  1  2  3  4  5  6 |
---------------+-------------------+-----
Maces & Flails | 3 4 5 |  5.6
Stealth        | 1 2 |  2.0
Fighting       | 4 5 |  5.3
Dodging        | |  3.3
Shields        | |  3.3

Action                   |  1- 3 |  4- 6 |  7- 9 || total
-------------------------+-------+-------+-------++-------
Melee: Flail             |    78 |    68 |    19 ||   165
       Constrict         |    22 |    24 |     2 ||    48
       Tentacles         |    11 |    16 |     2 ||    29
Evoke: Wand              |       |    15 |     2 ||    17
  Use: Scroll            |     8 |     2 |     2 ||    12
       Potion            |     2 |     2 |     6 ||    10
 Stab: Sleeping          |    10 |     5 |       ||    15
Armor: Skin              |    16 |     1 |     1 ||    18
Dodge: Dodged            |    53 |    20 |    16 ||    89
Block: Kite shield       |    42 |    27 |    13 ||    82
